[Event "January 9 Late 2024"]
[Site "https://www.chess.com"]
[Date "2024.01.09"]
[Round "2"]
[White "Novikova, Galina"]
[Black "Tatarinov, Dmitry"]
[Result "0-1"]
[Board "86"]
[TimeControl "180+1"]
[WhiteFideId "4157095"]
[BlackFideId "24160067"]
[WhiteElo "2508"]
[BlackElo "2791"]
[WhiteTeam "RUS"]
[BlackTeam "RUS"]
[WhiteClock "0:00:03"]
[BlackClock "0:00:24"]

1. e4 e5 2. Nf3 Nc6 3. d4 exd4 4. Nxd4 Bb4+ 5. c3 Bc5 6. Be3 Bb6 7. Nf5 Bxe3 8. Nxe3 Nf6 9. Qc2 O-O 10. Be2 d6 11. Nd2 Re8 12. O-O a5 13. a4 Nd7 14. f4 Nc5 15. Bf3 Bd7 16. Kh1 Rb8 17. Nd5 Ne7 18. b4 Nxd5 19. exd5 Na6 20. Be4 h6 21. f5 Qf6 22. Bd3 axb4 23. Ne4 Rxe4 24. Bxe4 bxc3 25. Rac1 Nc5 26. a5 Ba4 27. Qb1 Re8 28. Bc2 Bd7 29. Rce1 Ra8 30. Qb4 c6 31. Re3 cxd5 32. Rxc3 d4 33. Rg3 Bc6 34. Rd1 Re8 35. h3 Qh4 36. Kh2 Re2 37. Qxd4 Qxd4 38. Rxd4 Rxc2 39. Rxd6 Ne4 40. Rd8+ Kh7 41. Rg4 Nf6 42. Rg3 Ra2 43. Rf8 Bd5 44. Rd8 Rxa5 45. Re3 Ra2 46. Kg1 Rxg2+ 47. Kf1 Rg5 48. Rc3 Rxf5+ 49. Ke1 Bc6 50. Ra3 Re5+ 51. Kf2 g5 52. Raa8 Kg6 53. h4 gxh4 54. Kg1 Rg5+ 55. Kh2 Rg2+ 56. Kh3 Kh5 57. Ra5+ Rg5 58. Rxg5+ hxg5 59. Rh8+ Kg6 60. Rf8 Bd7+ 61. Kg2 g4 62. Rb8 g3 63. Kg1 h3 64. Rh8 h2+ 65. Kg2 Bc6+ 66. Kxg3 h1=Q 67. Rxh1 Bxh1 0-1

[Event "January 9 Late 2024"]
[Site "https://www.chess.com"]
[Date "2024.01.09"]
[Round "2"]
[White "Badmatsyrenov, Oleg"]
[Black "Tao, Sihan"]
[Result "1-0"]
[Board "87"]
[TimeControl "180+1"]
[WhiteFideId "24115762"]
[BlackFideId "30982677"]
[WhiteElo "2785"]
[BlackElo "2499"]
[WhiteTeam "FID"]
[BlackTeam "USA"]
[WhiteClock "0:00:36"]
[BlackClock "0:00:10"]

1. e4 c5 2. Nf3 d6 3. d4 cxd4 4. Nxd4 Nf6 5. Nc3 Nc6 6. Bg5 e6 7. Qd2 a6 8. O-O-O Bd7 9. f3 Nxd4 10. Qxd4 Be7 11. Qd2 Qc7 12. Kb1 Bc6 13. Bd3 d5 14. e5 Nd7 15. Bxe7 Kxe7 16. Qg5+ Kf8 17. f4 h6 18. Qg4 Nc5 19. Ne2 Nxd3 20. Rxd3 Bb5 21. Rg3 g6 22. Nd4 Rc8 23. Rc1 Bd7 24. h4 h5 25. Qg5 Qd8 26. Qf6 Qxf6 27. exf6 Rc4 28. Rd3 Kg8 29. g3 Kh7 30. Nf3 Rc7 31. Ng5+ Kg8 32. b3 Bb5 33. c4 Bc6 34. cxd5 exd5 35. Rxd5 Rc8 36. Kb2 Re8 37. Re5 Rxe5 38. fxe5 Kf8 39. Rd1 Ke8 40. Rd6 Rf8 41. Kc3 Bd7 42. Kd4 Kd8 43. e6 1-0

[Event "January 9 Late 2024"]
[Site "https://www.chess.com"]
[Date "2024.01.09"]
[Round "2"]
[White "Lopusiewicz, Piotr"]
[Black "Sokolovsky, Yahli"]
[Result "0-1"]
[Board "88"]
[TimeControl "180+1"]
[WhiteFideId "1116029"]
[BlackFideId "2820242"]
[WhiteElo "2486"]
[BlackElo "2778"]
[WhiteTeam "POL"]
[BlackTeam "ISR"]
[WhiteClock "0:00:00"]
[BlackClock "0:00:22"]

1. d4 d6 2. e4 g6 3. Nf3 Bg7 4. Be3 a6 5. Nc3 b5 6. h4 h6 7. Bd3 Bb7 8. a4 b4 9. Ne2 Nd7 10. Ng3 e6 11. Qd2 c5 12. c3 a5 13. Bb5 cxd4 14. cxd4 Nf6 15. e5 Ng4 16. h5 g5 17. exd6 O-O 18. Nxg5 Nxe3 19. Qxe3 hxg5 20. h6 Bf6 21. Ne4 Bxe4 22. Qxe4 Nb6 23. Bd3 Re8 24. Qh7+ Kf8 25. Bb5 Qxd6 26. Bxe8 Rxe8 27. O-O Nd5 28. Rac1 Nf4 29. Qe4 Qd5 30. Qxd5 exd5 31. Rc6 Bxd4 32. Rd1 Bxb2 33. g3 Ne2+ 34. Kf1 d4 35. Rd3 Bc3 36. Rc7 g4 37. Rc5 b3 38. Rb5 b2 39. Kg2 Nc1 40. Rd1 d3 41. f3 d2 42. fxg4 Bb4 43. h7 Kg7 44. Rg5+ Kf6 45. Rf5+ Kg6 46. Rh1 b1=Q 47. Rhh5 Qxf5 48. Rxf5 d1=Q 0-1

[Event "January 9 Late 2024"]
[Site "https://www.chess.com"]
[Date "2024.01.10"]
[Round "2"]
[White "Ghasi, Ameet K"]
[Black "Otero Marino, Alain"]
[Result "1/2-1/2"]
[Board "89"]
[TimeControl "180+1"]
[WhiteFideId "409200"]
[BlackFideId "3524876"]
[WhiteElo "2774"]
[BlackElo "2478"]
[WhiteTeam "ENG"]
[BlackTeam "CUB"]
[WhiteClock "0:00:32"]
[BlackClock "0:01:39"]

1. e4 e6 2. d4 d5 3. Nd2 c5 4. exd5 Qxd5 5. Ngf3 cxd4 6. Bc4 Qd6 7. O-O Nf6 8. Qe2 Nc6 9. Nb3 a6 10. Rd1 Qc7 11. Bg5 Be7 12. Nbxd4 Nxd4 13. Nxd4 O-O 14. Bd3 Re8 15. Qf3 Bd7 16. c3 Rad8 17. Re1 Qb6 18. Re2 Bc8 19. Rae1 Rd5 20. Bxf6 gxf6 21. Qh3 f5 22. Bxf5 exf5 23. Rxe7 Rxe7 24. Rxe7 Kf8 25. Qe3 Be6 26. g4 Rxd4 27. cxd4 Kxe7 28. gxf5 Qxb2 29. fxe6 Qb1+ 30. Kg2 fxe6 31. d5 Qg6+ 32. Kf1 Qb1+ 33. Kg2 Qg6+ 34. Kf1 Qb1+ 35. Kg2 1/2-1/2

[Event "January 9 Late 2024"]
[Site "https://www.chess.com"]
[Date "2024.01.09"]
[Round "2"]
[White "Bochnicka, Vladimir"]
[Black "Krzyzanowski, Marcin"]
[Result "0-1"]
[Board "90"]
[TimeControl "180+1"]
[WhiteFideId "14943450"]
[BlackFideId "1132199"]
[WhiteElo "2468"]
[BlackElo "2772"]
[WhiteTeam "SVK"]
[BlackTeam "POL"]
[WhiteClock "0:00:08"]
[BlackClock "0:01:14"]

1. e4 c6 2. d4 d5 3. e5 Bf5 4. h4 h5 5. c4 e6 6. Nc3 Nd7 7. cxd5 cxd5 8. Bd3 Ne7 9. Bg5 Qa5 10. Bxe7 Bxe7 11. Bxf5 exf5 12. Nf3 Bb4 13. O-O Bxc3 14. bxc3 Rc8 15. Re1 Nf8 16. Rb1 b6 17. e6 Nxe6 18. Ng5 Rc6 19. c4 O-O 20. Rb5 Qa6 21. cxd5 Qxb5 22. dxc6 Nxg5 23. hxg5 Qxc6 24. Qxh5 Rd8 25. Re3 Rxd4 26. Rh3 Qc1+ 27. Kh2 Qf4+ 28. Kg1 Kf8 29. Qh8+ Ke7 30. Re3+ Re4 31. Rxe4+ Qxe4 32. Qxg7 Qe1+ 33. Kh2 Qxf2 34. Qf6+ Ke8 35. Qh8+ Kd7 36. Qf6 Qh4+ 37. Kg1 Qe1+ 38. Kh2 Qe6 39. Qd4+ Qd6+ 40. Qxd6+ Kxd6 41. Kg3 Ke5 42. Kh4 b5 43. Kh5 b4 44. Kh6 a5 45. Kg7 Ke6 46. g6 fxg6 47. Kxg6 a4 48. Kg5 b3 0-1

[Event "January 9 Late 2024"]
[Site "https://www.chess.com"]
[Date "2024.01.09"]
[Round "2"]
[White "Bordi, Kevin"]
[Black "Garrido Diaz, Jose Antonio"]
[Result "1-0"]
[Board "91"]
[TimeControl "180+1"]
[WhiteFideId "621862"]
[BlackFideId "24516252"]
[WhiteElo "2764"]
[BlackElo "2455"]
[WhiteTeam "MNC"]
[BlackTeam "ESP"]
[WhiteClock "0:00:17"]
[BlackClock "0:00:17"]

1. e4 c5 2. Nf3 d6 3. d4 cxd4 4. Nxd4 Nf6 5. Nc3 g6 6. g4 e5 7. Nb3 Bxg4 8. f3 Be6 9. Bg5 Be7 10. Qd2 Nc6 11. O-O-O O-O 12. h4 Nh5 13. Kb1 Qc7 14. Bh3 a6 15. Bg4 Nf4 16. Bxf4 exf4 17. Qxf4 Ne5 18. h5 g5 19. Qg3 h6 20. Nd4 Qc4 21. Nf5 Bxf5 22. Bxf5 Bf6 23. f4 Nc6 24. Nd5 Bd8 25. Rhg1 Nb4 26. Nxb4 Qxb4 27. a3 Qb6 28. fxg5 Bxg5 29. Rxd6 Qc5 30. Qxg5+ 1-0

[Event "January 9 Late 2024"]
[Site "https://www.chess.com"]
[Date "2024.01.09"]
[Round "2"]
[White "Gheorghiu, Calin"]
[Black "Siddharth, Jagadeesh"]
[Result "0-1"]
[Board "92"]
[TimeControl "180+1"]
[WhiteFideId "1200305"]
[BlackFideId "5818320"]
[WhiteElo "2447"]
[BlackElo "2763"]
[WhiteTeam "ROU"]
[BlackTeam "SGP"]
[WhiteClock "0:02:11"]
[BlackClock "0:01:42"]

1. e4 e6 2. d4 d5 3. e5 c5 4. c3 Nc6 5. Nf3 Bd7 6. Bd3 cxd4 7. O-O dxc3 8. Nxc3 Nge7 9. Re1 Ng6 10. a3 Be7 11. b4 Rc8 12. Bb2 O-O 13. Rc1 f6 14. exf6 Bxf6 15. Qc2 Nd4 16. Nxd4 Bxd4 17. Rf1 Bxc3 18. Bxc3 d4 19. Bxg6 hxg6 20. Qxg6 Rxc3 0-1

[Event "January 9 Late 2024"]
[Site "https://www.chess.com"]
[Date "2024.01.09"]
[Round "2"]
[White "Sliwicki, Damian"]
[Black "Karacsonyi, Gellert"]
[Result "0-1"]
[Board "93"]
[TimeControl "180+1"]
[WhiteFideId "1127128"]
[BlackFideId "764620"]
[WhiteElo "2446"]
[BlackElo "2757"]
[WhiteTeam "POL"]
[BlackTeam "HUN"]
[WhiteClock "0:00:18"]
[BlackClock "0:00:08"]

1. e4 c5 2. Nc3 Nc6 3. Bb5 Nd4 4. Nf3 g6 5. Bc4 Bg7 6. Nxd4 cxd4 7. Qf3 Nh6 8. Ne2 O-O 9. d3 Ng4 10. Bxf7+ Rxf7 11. Qxg4 d5 12. Qh4 dxe4 13. Qxe4 Bf5 14. Qh4 Qa5+ 15. Bd2 Qb6 16. b3 Rc8 17. Rc1 Qa6 18. a4 Qe6 19. f3 Rc5 20. g4 Re5 21. O-O Rxe2 22. gxf5 Rxf5 23. Rce1 Bf6 24. Rxe2 Qxe2 25. Qf2 Qe6 26. Kh1 Qc6 27. Bc1 Be5 28. Qg2 Bd6 29. f4 e5 30. Qxc6 bxc6 31. Kg2 exf4 32. Kf3 Rc5 33. Rf2 g5 34. Rg2 h6 35. h4 Rf5 36. hxg5 hxg5 37. Kg4 Rf7 38. Rf2 Be7 39. Bb2 c5 40. b4 cxb4 41. Bxd4 a6 42. Rg2 Rh7 43. Kf3 Kf7 44. Ke4 Rh1 45. Bf2 Rc1 46. Bd4 Re1+ 47. Kf5 Re6 48. Rh2 Rd6 49. Rh7+ Ke8 50. Rh8+ Kd7 51. Rh7 Rxd4 52. Rg7 Rd5+ 53. Ke4 Rc5 54. d4 Rxc2 55. d5 Re2+ 56. Kf5 f3 57. d6 Kxd6 58. Rg6+ Kd7 59. Kg4 f2 60. a5 f1=Q 61. Rb6 Qg1+ 62. Kh5 Qxb6 63. axb6 Kc6 64. b7 Kxb7 65. Kg6 Bc5 66. Kf7 Ba7 67. Kg6 Kb6 68. Kf5 g4 69. Kxg4 Rf2 70. Kg3 Kc6 71. Kg4 Kd5 72. Kg3 Ke5 73. Kg4 Rf4+ 74. Kg3 Ke4 75. Kg2 Bb8 76. Kh1 Rf2 77. Kg1 Kf3 78. Kh1 b3 79. Kg1 b2 0-1

[Event "January 9 Late 2024"]
[Site "https://www.chess.com"]
[Date "2024.01.09"]
[Round "2"]
[White "Goltsev, Dmitry"]
[Black "Blanco Diez, David"]
[Result "1-0"]
[Board "94"]
[TimeControl "180+1"]
[WhiteFideId "24176710"]
[BlackFideId "32032927"]
[WhiteElo "2753"]
[BlackElo "2442"]
[WhiteTeam "RUS"]
[BlackTeam "ESP"]
[WhiteClock "0:02:17"]
[BlackClock "0:00:18"]

1. e4 e5 2. Nf3 Nc6 3. Bb5 a6 4. Ba4 Nf6 5. O-O Be7 6. Re1 b5 7. Bb3 O-O 8. c3 d5 9. d4 dxe4 10. Nxe5 Nxe5 11. dxe5 Ng4 12. Rxe4 Bc5 13. Rxg4 Bxg4 14. Qxg4 Qd3 15. Bh6 Qg6 16. Qxg6 hxg6 17. Bf4 Rad8 18. Nd2 Rfe8 19. Nf3 Rd7 20. Rd1 Rxd1+ 21. Bxd1 f6 22. e6 Bb6 23. Bb3 Kf8 24. Kf1 Ke7 25. h4 c5 26. Bd5 Rd8 27. c4 bxc4 28. Bxc4 Rd1+ 29. Ke2 Rb1 30. b3 Rb2+ 31. Nd2 Rxa2 32. Kf3 Ba5 33. Ne4 Bb4 34. Bd6+ Ke8 35. Bd5 Rd2 36. Bc6+ Kd8 37. e7+ Kc8 38. e8=Q# 1-0

[Event "January 9 Late 2024"]
[Site "https://www.chess.com"]
[Date "2024.01.09"]
[Round "2"]
[White "Jarocka, Liwia"]
[Black "Kosteniuk, Alexandra"]
[Result "1-0"]
[Board "95"]
[TimeControl "180+1"]
[WhiteFideId "21807558"]
[BlackFideId "4128125"]
[WhiteElo "2406"]
[BlackElo "2751"]
[WhiteTeam "POL"]
[BlackTeam "SUI"]
[WhiteClock "0:00:04"]
[BlackClock "0:00:34"]

1. e4 c6 2. Nc3 d5 3. Nf3 dxe4 4. Nxe4 Nf6 5. Nxf6+ exf6 6. d4 Bd6 7. c3 O-O 8. Be2 Be6 9. O-O Qc7 10. Re1 Nd7 11. g3 Rfe8 12. Bd2 Nf8 13. Qc2 Rad8 14. Bd3 Ng6 15. c4 Qb8 16. Bc3 b5 17. d5 cxd5 18. cxb5 Bd7 19. Nd4 Rc8 20. Bf5 Qb7 21. Bxd7 Qxd7 22. Qf5 Qb7 23. a4 Re5 24. Qh3 Rce8 25. Qg2 Bc5 26. Nc6 Rxe1+ 27. Rxe1 Rxe1+ 28. Bxe1 Qd7 29. b4 Bf8 30. Bc3 Ne5 31. Bxe5 fxe5 32. Nxe5 Qe6 33. Nc6 Bxb4 34. Nxb4 Qe1+ 35. Qf1 Qxb4 36. Qd3 d4 37. Kg2 g6 38. Qe4 Qc5 39. h4 Kg7 40. Qc6 Qb4 41. Qd7 Qc5 42. a5 h5 43. a6 Qe5 44. Qxa7 Qe4+ 45. Kh2 Qd5 46. Qb7 Qf5 47. Kg2 d3 48. Qf3 Qxb5 49. a7 d2 50. a8=Q Qd7 51. Qad5 Qe7 52. Qxd2 f6 53. Qdf4 Qe6 54. Q4e4 Qf7 55. Qb7 1-0

[Event "January 9 Late 2024"]
[Site "https://www.chess.com"]
[Date "2024.01.09"]
[Round "2"]
[White "Tristan, Leonardo"]
[Black "Figorito, Nick"]
[Result "1-0"]
[Board "96"]
[TimeControl "180+1"]
[WhiteFideId "113816"]
[BlackFideId "30923689"]
[WhiteElo "2750"]
[BlackElo "2401"]
[WhiteTeam "ARG"]
[BlackTeam "USA"]
[WhiteClock "0:00:10"]
[BlackClock "0:00:00"]

1. d4 Nf6 2. Nf3 g6 3. Bf4 Bg7 4. e3 O-O 5. Be2 c6 6. O-O d5 7. c4 Bg4 8. Qb3 Qb6 9. c5 Qxb3 10. axb3 Nbd7 11. h3 Bxf3 12. Bxf3 a6 13. b4 Rfe8 14. Nc3 Rad8 15. Bc7 Rc8 16. Bh2 e5 17. dxe5 Nxe5 18. Be2 Ned7 19. Rfd1 Ne4 20. Rac1 Ndf6 21. Na4 Nd7 22. Bf4 h6 23. h4 h5 24. f3 Nef6 25. Kf2 Ne5 26. Nb6 Rcd8 27. e4 d4 28. Bf1 Nfd7 29. Na4 Nf8 30. Bg5 f6 31. Bd2 Ne6 32. g3 Kh7 33. b3 Bh6 34. Nb2 Bxd2 35. Rxd2 Rd7 36. Rcd1 Red8 37. Bh3 Re7 38. Bxe6 Rxe6 39. Rxd4 Rxd4 40. Rxd4 Re7 41. Nc4 Kg7 42. Nd6 1-0

[Event "January 9 Late 2024"]
[Site "https://www.chess.com"]
[Date "2024.01.09"]
[Round "2"]
[White "Prieto Aranguren, Alain"]
[Black "Leitao, Rafael"]
[Result "0-1"]
[Board "97"]
[TimeControl "180+1"]
[WhiteFideId "2268906"]
[BlackFideId "2101246"]
[WhiteElo "2383"]
[BlackElo "2747"]
[WhiteTeam "ESP"]
[BlackTeam "BRA"]
[WhiteClock "0:02:08"]
[BlackClock "0:02:27"]

1. d4 Nf6 2. c4 g6 3. Nc3 Bg7 4. e4 d6 5. Be2 O-O 6. Nf3 e5 7. dxe5 dxe5 8. Qxd8 Rxd8 9. Bg5 Re8 10. Nd5 Nxd5 11. cxd5 c6 12. Bc4 cxd5 13. Bxd5 Nd7 14. Nd2 Nc5 15. O-O Be6 16. Bxe6 Nxe6 17. Be3 Nd4 18. Bxd4 exd4 19. f3 d3 20. b3 Bxa1 21. Rxa1 Rac8 22. Nc4 b5 23. Nd6 d2 0-1

[Event "January 9 Late 2024"]
[Site "https://www.chess.com"]
[Date "2024.01.09"]
[Round "2"]
[White "Yuan, Qingyu"]
[Black "Zeneli, Klendi"]
[Result "1-0"]
[Board "98"]
[TimeControl "180+1"]
[WhiteFideId "8609772"]
[BlackFideId "4706609"]
[WhiteElo "2746"]
[BlackElo "2383"]
[WhiteTeam "CHN"]
[BlackTeam "ALB"]
[WhiteClock "0:00:15"]
[BlackClock "0:00:11"]

1. e4 e5 2. Nf3 Nc6 3. Bc4 Nf6 4. d3 Bc5 5. O-O d6 6. Be3 Bb6 7. a3 O-O 8. Re1 Bxe3 9. Rxe3 Re8 10. Nc3 Be6 11. Bxe6 Rxe6 12. h3 h6 13. Nd5 Re8 14. c4 Nxd5 15. cxd5 Ne7 16. Qb3 Qd7 17. d4 exd4 18. Nxd4 c6 19. dxc6 bxc6 20. Rd1 Rab8 21. Qc3 c5 22. Nf3 Qe6 23. Rd2 Rb6 24. Ree2 Reb8 25. e5 Rb3 26. exd6 Rxc3 27. Rxe6 fxe6 28. bxc3 Nd5 29. Ne5 Rd8 30. d7 Nb6 31. Rd6 Kf8 32. Rxe6 Nxd7 33. Rd6 Ke7 34. Rxd7+ Rxd7 35. Nxd7 Kxd7 36. f4 Kc6 37. c4 Kb6 38. f5 Ka5 39. g4 Ka4 40. h4 Kxa3 41. g5 hxg5 42. hxg5 Kb2 43. f6 gxf6 44. gxf6 a5 45. f7 a4 46. f8=Q a3 47. Qxc5 a2 48. Qb4+ Kc2 49. Qa4+ Kb2 50. c5 1-0

[Event "January 9 Late 2024"]
[Site "https://www.chess.com"]
[Date "2024.01.09"]
[Round "2"]
[White "Hoffmann, Asa"]
[Black "Rastbod, Ali"]
[Result "1-0"]
[Board "99"]
[TimeControl "180+1"]
[WhiteFideId "2001470"]
[BlackFideId "12567477"]
[WhiteElo "2372"]
[BlackElo "2738"]
[WhiteTeam "USA"]
[BlackTeam "IRI"]
[WhiteClock "0:01:34"]
[BlackClock "0:00:00"]

1. d4 d5 2. Bg5 f6 3. Bf4 c5 4. c3 Nc6 5. Nf3 g5 6. Be3 e5 7. dxc5 a5 8. Na3 h6 9. Qc2 f5 10. O-O-O Be6 11. Nb5 Nf6 12. h3 Ne4 13. Nd2 Nxc5 14. f3 d4 15. Bf2 a4 16. g4 Qa5 17. e4 d3 18. Bxd3 Nxd3+ 19. Qxd3 Rd8 20. Qe2 a3 21. b3 fxe4 22. Nxe4 Be7 23. Rxd8+ Bxd8 24. Nbd6+ Ke7 25. Nxb7 Qc7 26. Bc5+ Kf7 27. Nxd8+ Rxd8 28. h4 Nd4 29. cxd4 Rxd4 30. b4 Rxb4 31. hxg5 Rxe4 32. Qxe4 Qxc5+ 33. Kd2 Qa5+ 34. Ke2 Qb5+ 35. Kf2 Bd5 36. Qf5+ Kg8 37. Qg6+ Kf8 38. Qf6+ Ke8 39. Qxe5+ Kd7 40. Rd1 Qc5+ 41. Qe3 Qc2+ 42. Rd2 Qc4 43. Qd4 1-0

[Event "January 9 Late 2024"]
[Site "https://www.chess.com"]
[Date "2024.01.09"]
[Round "2"]
[White "Mekhitarian, Krikor Sevag"]
[Black "Carre, Sylvain"]
[Result "1-0"]
[Board "100"]
[TimeControl "180+1"]
[WhiteFideId "2107660"]
[BlackFideId "642118"]
[WhiteElo "2737"]
[BlackElo "2365"]
[WhiteTeam "BRA"]
[BlackTeam "FRA"]
[WhiteClock "0:00:10"]
[BlackClock "0:00:07"]

1. Nf3 d5 2. c4 c6 3. d4 Nf6 4. Nc3 e6 5. cxd5 cxd5 6. Bf4 Bd6 7. Bg3 Nc6 8. e3 a6 9. Bd3 b5 10. Rc1 Bb7 11. O-O Bxg3 12. hxg3 O-O 13. a4 b4 14. Nb1 Na5 15. Nbd2 Qd6 16. Rc5 Qb6 17. Qe2 Rac8 18. Rfc1 Nd7 19. Rxc8 Rxc8 20. Rxc8+ Bxc8 21. Ne5 Nxe5 22. dxe5 b3 23. Nf3 Bd7 24. Bxa6 Bxa4 25. Nd4 Qc5 26. Qd2 Nc4 27. Bxc4 Qxc4 28. Ne2 g6 29. Nc3 Bb5 30. Kh2 h5 31. f3 h4 32. Qd4 hxg3+ 33. Kxg3 Qf1 34. Qd1 Qc4 35. Qd4 Qf1 36. Kh2 Kg7 37. Qf4 Qc4 38. Qxc4 Bxc4 39. Kg3 f6 40. Kf4 g5+ 41. Kg4 Kg6 42. f4 f5+ 43. Kg3 gxf4+ 44. exf4 d4 45. Na4 d3 46. Nc3 Kh5 47. Nb1 Bd5 48. Nd2 Be4 49. Kf2 Kg4 50. g3 Kh3 51. Nxb3 Kh2 52. Nd2 Kh3 53. b4 Kg4 54. b5 Bb7 55. b6 Kh3 56. Nc4 Kg4 57. Nd6 d2 58. Ke2 Bf3+ 59. Kxd2 Kxg3 60. Ke3 Bg2 61. b7 Bxb7 62. Nxb7 Kg4 63. Nc5 Kh5 64. Nxe6 Kg4 65. Nd4 Kg3 66. Nxf5+ Kg4 67. Nd4 1-0

[Event "January 9 Late 2024"]
[Site "https://www.chess.com"]
[Date "2024.01.09"]
[Round "2"]
[White "Bouget, Alexandre"]
[Black "Gritsenko, Nikolai"]
[Result "0-1"]
[Board "101"]
[TimeControl "180+1"]
[WhiteFideId "681318"]
[BlackFideId "14112493"]
[WhiteElo "2362"]
[BlackElo "2734"]
[WhiteTeam "FRA"]
[BlackTeam "UKR"]
[WhiteClock "0:00:15"]
[BlackClock "0:00:16"]

1. d4 d5 2. c4 Nc6 3. Nf3 Bg4 4. Qa4 Bxf3 5. exf3 e6 6. Nc3 a6 7. cxd5 exd5 8. Bf4 Bb4 9. Bd3 b5 10. Qb3 Nge7 11. O-O O-O 12. Ne2 Bd6 13. Bg5 h6 14. Bh4 Qd7 15. Rac1 Nd8 16. Ng3 g6 17. Bf6 Ne6 18. Qc2 Kh7 19. h4 Ng8 20. Be5 Bxe5 21. dxe5 Kg7 22. h5 Ne7 23. Ne2 c5 24. Qd2 c4 25. Bb1 d4 26. Ng3 Rfd8 27. Ne4 d3 28. Nf6 Qd4 29. Rfe1 Qf4 30. Re3 Nf5 31. g3 Qg5 32. Ne4 Qe7 33. Ree1 Ng5 34. Nf6 Nxf3+ 0-1

[Event "January 9 Late 2024"]
[Site "https://www.chess.com"]
[Date "2024.01.09"]
[Round "2"]
[White "Mesa Cruz, Juan Carlos"]
[Black "Ivanisevic, Ivan"]
[Result "0-1"]
[Board "102"]
[TimeControl "180+1"]
[WhiteFideId "6423400"]
[BlackFideId "912417"]
[WhiteElo "2348"]
[BlackElo "2733"]
[WhiteTeam "DOM"]
[BlackTeam "SRB"]
[WhiteClock "0:00:00"]
[BlackClock "0:01:19"]

1. e4 e5 2. Nf3 Nc6 3. Bc4 Nf6 4. d3 d5 5. exd5 Nxd5 6. O-O Nb6 7. Bb5 Bd6 8. d4 exd4 9. Qxd4 O-O 10. Bxc6 bxc6 11. Bg5 Qd7 12. Bf4 c5 13. Qd2 Bb7 14. Bxd6 cxd6 15. Qf4 Nd5 16. Qg3 f5 17. Nbd2 Rf6 18. Rad1 Rg6 19. Qh4 Rg4 20. Qg3 Rxg3 21. hxg3 Re8 22. a3 h6 23. Nc4 Ba6 24. b3 Bxc4 25. bxc4 Nc3 26. Rd3 Ne2+ 27. Kh2 Qf7 28. Nh4 g5 29. Rxd6 Qh5 30. Rg6+ Kh7 31. Rf6 gxh4 0-1

[Event "January 9 Late 2024"]
[Site "https://www.chess.com"]
[Date "2024.01.09"]
[Round "2"]
[White "Garayev, Kanan"]
[Black "Antonio, Jorge Carlos"]
[Result "1-0"]
[Board "103"]
[TimeControl "180+1"]
[WhiteFideId "13406671"]
[BlackFideId "113190"]
[WhiteElo "2731"]
[BlackElo "2321"]
[WhiteTeam "AZE"]
[BlackTeam "ARG"]
[WhiteClock "0:00:12"]
[BlackClock "0:00:22"]

1. d4 d5 2. Nf3 c6 3. Bf4 Nf6 4. e3 g6 5. Nbd2 Bg7 6. h3 O-O 7. c4 Bf5 8. Be2 Be4 9. O-O Bxf3 10. Nxf3 e6 11. b4 Nbd7 12. b5 cxb5 13. cxb5 Rc8 14. Rc1 Qa5 15. Qb3 Nb6 16. Bd6 Rfd8 17. Bc5 Ne4 18. Bxb6 Qxb6 19. Qb2 Bf8 20. Bd3 Nd6 21. a4 Nc4 22. Bxc4 Rxc4 23. Rxc4 dxc4 24. Rc1 Rc8 25. Ne5 c3 26. Rxc3 Rxc3 27. Qxc3 Qd8 28. g3 Bd6 29. Nd3 Qg5 30. h4 Qg4 31. Qc8+ Kg7 32. Qc3 Bxg3 33. fxg3 Qxg3+ 34. Kf1 Qxe3 35. d5+ Kh6 36. Qc1 Qxc1+ 37. Nxc1 exd5 38. Kg2 Kh5 39. Kg3 f6 40. Ne2 g5 41. hxg5 Kxg5 42. Nd4 f5 43. a5 f4+ 44. Kf3 h5 45. a6 bxa6 46. bxa6 h4 47. Nc6 h3 48. Nxa7 h2 49. Kg2 d4 50. Nc6 d3 51. Ne5 Kf5 52. Nxd3 f3+ 53. Kxh2 Ke4 54. Nf2+ Ke3 55. Kg3 Ke2 56. a7 Kf1 57. a8=Q Kg1 58. Qa1# 1-0

[Event "January 9 Late 2024"]
[Site "https://www.chess.com"]
[Date "2024.01.10"]
[Round "2"]
[White "Graham, Nathaniel"]
[Black "Weetik, Vjacheslav"]
[Result "0-1"]
[Board "104"]
[TimeControl "180+1"]
[WhiteFideId "2007983"]
[BlackFideId "4153472"]
[WhiteElo "2316"]
[BlackElo "2731"]
[WhiteTeam "USA"]
[BlackTeam "RUS"]
[WhiteClock "0:00:00"]
[BlackClock "0:01:50"]

1. e4 c6 2. d4 d5 3. Nd2 dxe4 4. Nxe4 Bf5 5. Ng3 Bg6 6. h4 h6 7. Nf3 e6 8. h5 Bh7 9. Bd3 Bxd3 10. Qxd3 Nf6 11. Bd2 c5 12. O-O-O Nc6 13. Be3 Qa5 14. Qb3 O-O-O 15. Kb1 Be7 16. Qc4 b5 17. Qe2 c4 18. Ne5 Nxe5 19. dxe5 Nd5 20. c3 Rd7 21. Bd4 Rhd8 22. Ne4 Rc7 23. g3 b4 24. Rc1 b3 25. a3 Rc6 0-1

[Event "January 9 Late 2024"]
[Site "https://www.chess.com"]
[Date "2024.01.09"]
[Round "2"]
[White "Syaputra, Arifa Rizki"]
[Black "Da Matta, Eduardo Cesar"]
[Result "1-0"]
[Board "105"]
[TimeControl "180+1"]
[WhiteFideId "7105100"]
[BlackFideId "2193108"]
[WhiteElo "2729"]
[BlackElo "2304"]
[WhiteTeam "INA"]
[BlackTeam "BRA"]
[WhiteClock "0:00:04"]
[BlackClock "0:00:06"]

1. d4 d5 2. Nf3 c6 3. Bf4 Nf6 4. e3 Bf5 5. Nbd2 e6 6. Ne5 Be7 7. g4 Be4 8. f3 Bg6 9. h4 h5 10. g5 Nfd7 11. Nxg6 fxg6 12. Bh3 O-O 13. Bxe6+ Kh7 14. Qe2 Na6 15. O-O-O Nb6 16. c3 c5 17. Be5 cxd4 18. exd4 Na4 19. Qb5 Nb6 20. Qb3 Bd6 21. Rde1 Bxe5 22. Rxe5 Nc7 23. Bh3 Qd6 24. Bf1 Ne6 25. Kb1 Nf4 26. Bb5 a6 27. Bf1 a5 28. a4 Nd7 29. Re1 b5 30. Bxb5 Rab8 31. Re3 Nb6 32. Ka2 Nc8 33. Nb1 Na7 34. Na3 Ng2 35. Re5 Nf4 36. Rd1 Nxb5 37. Nxb5 Qd7 38. Qc2 Qh3 39. Qf2 Rbe8 40. Qe3 Ng2 41. Qe2 Rxe5 42. dxe5 Nxh4 43. Rxd5 Nxf3 44. e6 Qf5 45. Rxf5 Rxf5 46. e7 Re5 47. Qxe5 Nxe5 48. e8=Q 1-0

[Event "January 9 Late 2024"]
[Site "https://www.chess.com"]
[Date "2024.01.10"]
[Round "2"]
[White "Akobian, Varuzhan"]
[Black "Kargosha, Bahman"]
[Result "1-0"]
[Board "106"]
[TimeControl "180+1"]
[WhiteFideId "13300580"]
[BlackFideId "12503452"]
[WhiteElo "2728"]
[BlackElo "2299"]
[WhiteTeam "USA"]
[BlackTeam "AUS"]
[WhiteClock "0:00:28"]
[BlackClock "0:00:14"]

1. d4 Nf6 2. c4 c5 3. d5 b5 4. Nf3 e6 5. Bg5 exd5 6. cxd5 d6 7. e4 a6 8. a4 Be7 9. Qc2 Nxd5 10. exd5 Bxg5 11. axb5 O-O 12. Nc3 Re8+ 13. Be2 Bg4 14. O-O Bf6 15. Ra4 Bxf3 16. Bxf3 a5 17. Ne4 Bd4 18. Rd1 Qb6 19. Be2 Nd7 20. Bd3 g6 21. h3 Ne5 22. Nf6+ Kg7 23. Nxe8+ Rxe8 24. Bf1 c4 25. Bxc4 Rc8 26. Qd2 Bc5 27. b3 Bb4 28. Qd4 Bc5 29. Qb2 Re8 30. Ra2 Bd4 31. Qxd4 1-0

[Event "January 9 Late 2024"]
[Site "https://www.chess.com"]
[Date "2024.01.09"]
[Round "2"]
[White "Silvestre, Christian"]
[Black "Hambleton, Aman"]
[Result "1-0"]
[Board "107"]
[TimeControl "180+1"]
[WhiteFideId "30956269"]
[BlackFideId "2606577"]
[WhiteElo "2287"]
[BlackElo "2726"]
[WhiteTeam "USA"]
[BlackTeam "CAN"]
[WhiteClock "0:00:36"]
[BlackClock "0:00:01"]

1. e4 b6 2. d4 Bb7 3. Bd3 e6 4. Qe2 d5 5. Nf3 dxe4 6. Bxe4 Bxe4 7. Qxe4 Qd5 8. Qxd5 exd5 9. Bf4 Na6 10. a3 f6 11. Nc3 Ne7 12. O-O-O Kd7 13. Rhe1 g5 14. Bd2 c6 15. h4 g4 16. Nh2 h5 17. Nf1 Nf5 18. Ng3 Nxg3 19. fxg3 Nc7 20. Rf1 Be7 21. Ne2 Ne6 22. Bf4 Rae8 23. Kd2 Rhf8 24. Bh6 Rh8 25. Bf4 Rh7 26. Kd3 c5 27. c4 dxc4+ 28. Kxc4 cxd4 29. Nxd4 Nxd4 30. Rxd4+ Kc6 31. Re1 Rc8 32. Kd3 Bc5 33. Re6+ Kb5 34. Rd5 Rf7 35. b4 Ka4 36. bxc5 bxc5 37. Kc4 Kxa3 38. Rd3+ Kb2 39. Re2+ Kb1 40. Rd1# 1-0